 Dungeon Crawl Stone Soup version 0.23.2-33-g5129a83184 (webtiles) character file.

Game seed: 1818652961420514956

175 FishyPogo the Grave Robber (level 5, -3/35 HPs)
             Began as a Vampire Necromancer on Aug 7, 2019.
             Was a Follower of Okawaru.
             Killed from afar by an orc wizard (5 damage)
             ... with a magic dart
             ... on level 3 of the Dungeon on Aug 8, 2019.
             The game lasted 00:24:55 (3436 turns).

FishyPogo the Grave Robber (Vampire Necromancer)    Turns: 3436, Time: 00:25:00

Health: -3/35      AC:  9    Str: 11    XL:     5   Next: 29%
Magic:  0/9        EV: 11    Int: 18    God:    Okawaru [*.....]
Gold:   116        SH:  4    Dex: 15    Spells: 4/9 levels left

rFire    . . .     SeeInvis +   a - +0 short sword
rCold    + + .     Gourm    .   k - +0 buckler
rNeg     + + +     Faith    .   u - +0 ring mail (curse)
rPois    ∞         Spirit   .   r - +0 helmet
rElec    .         Reflect  .   (no cloak)
rCorr    .         Harm     .   l - +0 pair of gloves
MR       .....                  (no boots)
Stlth    ++++......             i - amulet of the acrobat
HPRegen  0.00/turn              (no ring)
MPRegen  0.11/turn              (no ring)

@: very slightly contaminated, bloodless, non-regenerating
A: fangs 3, thin metallic scales 1, see invisible, strong 2, unbreathing
a: Bat Form, Heroism, Renounce Religion


You were on level 3 of the Dungeon.
You worshipped Okawaru.
Okawaru was aware of your devotion.
You were bloodless.

You visited 1 branch of the dungeon, and saw 3 of its levels.

You collected 116 gold pieces.

Inventory:

Hand Weapons
 a - a +0 short sword (weapon)
 p - a +2 halberd of chopping
Armour
 k - a +0 buckler (worn)
 l - a +0 pair of gloves (worn)
 r - a +0 helmet (worn)
 t - a +0 leather armour
 u - a cursed +0 ring mail (worn)
Jewellery
 i - an amulet of the acrobat (around neck)
Scrolls
 b - a scroll of blinking {unknown}
 c - 3 scrolls of identify {unknown}
 f - a scroll of enchant weapon {unknown}
 h - 2 scrolls of teleportation {unknown}
 s - a scroll of noise {unknown}
Potions
 e - 8 potions of blood
 g - a potion of curing
 j - a potion of heal wounds {unknown}
 m - a potion of brilliance {unknown}
 n - a potion of ambrosia {unknown}
 q - a potion of haste {unknown}


   Skills:
 + Level 1.8 Short Blades
 * Level 0.0 Armour
 - Level 2.4 Dodging
 - Level 4.2 Stealth
 * Level 2.0 Shields
 + Level 2.7 Spellcasting
 + Level 5.2 Necromancy


You had 4 spell levels left.
You knew the following spells:

 Your Spells              Type           Power        Failure   Level  Hunger
a - Pain                  Necr           ###.         6%          1    #......
b - Animate Skeleton      Necr           N/A          6%          1    #......
c - Regeneration          Chrm/Necr      ##........   50%         3    ###....

Your spell library contained the following spells:

 Spells                   Type           Power        Failure   Level  Hunger
 Vampiric Draining        Necr           ###.......   19%         3    ###....
 Animate Dead             Necr           N/A          52%         4    #####..


Dungeon Overview and Level Annotations

Branches:
Dungeon (3/15)

Altars:
Okawaru


Innate Abilities, Weirdness & Mutations

You do not heal naturally.
You are immune to poison.
You have razor-sharp teeth.
You have supernaturally acute eyesight. (SInv)
You can survive without breathing.
You are partially covered in thin metallic scales. (AC +2)
Your muscles are very strong. (Str +4)


Message History

The orc wizard hits you but does no damage.
You hit the orc wizard.
The orc wizard is heavily wounded.
The orc wizard barely misses you.
You feel devoid of blood!
You hit the orc wizard but do no damage.
The orc wizard is heavily wounded.
The orc wizard gestures at you while chanting.
The magic dart hits you.
* * * LOW HITPOINT WARNING * * *
The orc wizard casts a spell at you.
The puff of frost hits you but does no damage.
You resist.
It was a potion of mutation.
You feel extremely strange.
You feel stronger.
Thin metallic scales grow over part of your body.
You feel stronger.
The orc wizard points at you and mumbles some strange words.
The magic dart hits you.
You die...

..... .....# ..#.#
♣♣♣♣. ♣o)o#####..#.#
#♣♣♣♣♣ ♣....##......#
#.♣._♣♣♣ ♣..........#
#♣.♣.♣.♣ ♣.>.......#
#♣♣♣..♣♣♣♣♣♣.###...##
♣♣♣.(.♣.♣♣..## #..[#
.♣♣..♣♣.♣♣...# #o..#
..♣♣...♣..♣..# #@..#
#.♣♣♣♣♣♣..♣.## #...#
♣♣.....)♣♣.## #..$#
#.♣.♣....#.# ...#.#
#..........# ..###.#
####....#.## #.#. ...
# ######.# #. # ### #
.# #. # #


You could see an orc wizard.

Vanquished Creatures
  A worker ant (D:2)
  3 gnolls (D:2)
  3 adders (D:2)
  3 oozes
  3 worms
  6 dart slugs
  A leopard gecko (D:1)
  An orc (D:3)
  A ball python (D:2)
  4 bats
  4 giant cockroaches
  8 hobgoblins
  2 jackals (D:2)
  6 frilled lizards
  6 goblins
  7 kobolds
  4 rats
63 creatures vanquished.

Vanquished Creatures (collateral kills)
  A frilled lizard (D:2)
1 creature vanquished.

Grand Total: 64 creatures vanquished

Notes
Turn   | Place    | Note
-------+----------+-------------------------------------------
     0 | D:1      | FishyPogo the Vampire Necromancer began the quest for the
                  | Orb.
     0 | D:1      | Reached XP level 1. HP: 13/13 MP: 3/3
   159 | D:1      | Learned a level 1 spell: Animate Skeleton
   190 | D:1      | Reached XP level 2. HP: 6/19 MP: 0/5
   892 | D:1      | Reached XP level 3. HP: 10/24 MP: 0/6
  1706 | D:2      | Reached skill level 1 in Short Blades
  1713 | D:2      | Learned a level 3 spell: Regeneration
  1819 | D:2      | Reached skill level 1 in Shields
  1895 | D:2      | Reached skill level 5 in Necromancy
  1895 | D:2      | Reached XP level 4. HP: 12/30 MP: 0/7
  2513 | D:2      | Reached XP level 5. HP: 31/35 MP: 1/8
  3365 | D:3      | Found a faded altar of an unknown god.
  3386 | D:3      | Became a worshipper of Warmaster Okawaru
  3386 | D:3      | Reached * piety under Okawaru
  3436 | D:3      | Gained mutation: Your muscles are strong. (Str +2) [potion
                  | of mutation]
  3436 | D:3      | Gained mutation: You are partially covered in thin metallic
                  | scales. (AC +2) [potion of mutation]
  3436 | D:3      | Gained mutation: Your muscles are very strong. (Str +4)
                  | [potion of mutation]
  3436 | D:3      | Killed from afar by an orc wizard

Skill      XL: |  1  2  3  4  5 |
---------------+----------------+-----
Short Blades   | 1 |  1.8
Shields        | 1 2 |  2.0
Necromancy     | 5 |  5.2
Stealth        | 4 |  4.2
Dodging        | |  2.4
Spellcasting   | |  2.7

Action                   |  1- 3 |  4- 6 || total
-------------------------+-------+-------++-------
Melee: Hand axe          |     8 |       ||     8
       Short sword       |    31 |    38 ||    69
       Bite              |     4 |     2 ||     6
 Cast: Pain              |    67 |    77 ||   144
       Animate Skeleton  |     2 |     1 ||     3
       Regeneration      |       |    10 ||    10
 Abil: End Transformatio |       |     1 ||     1
       Bat Form          |       |     1 ||     1
  Use: Potion            |     1 |     6 ||     7
 Stab: Sleeping          |     2 |     1 ||     3
  Eat: Corpse            |       |     1 ||     1
Armor: Robe              |    10 |     1 ||    11
       Ring mail         |       |    16 ||    16
Dodge: Dodged            |    32 |    20 ||    52
Block: Buckler           |       |     8 ||     8
